 Dungeon Crawl Stone Soup version 0.15-b1-128-gb969795 (webtiles) character file.

379 RobertPalmer the Poker (level 7, -9/50 HPs)
             Began as a Human Death Knight on Aug 26, 2014.
             Was a Believer of Yredelemnul.
             Mangled by an ogre
             ... wielding a +0 giant club
              (18 damage)
             ... on Level 4 of the Dungeon.
             The game lasted 00:15:47 (4087 turns).

RobertPalmer the Poker (Human Death Knight)         Turns: 4087, Time: 00:15:47

HP  -9/50        AC  9     Str 19      XL: 7   Next:  4%
MP  11/11        EV  7     Int 11      God: Yredelemnul [**....]
Gold 187         SH  0     Dex 14      Spells:  0 memorised,  6 levels left

rFire  . . .     SeeInvis .     a - +1 trident
rCold  . . .     Clarity  .     b - +0 chain mail
rNeg   . . .     rCorr    .     (no shield)
rPois  .         rRot     .     (no helmet)
rElec  .         Spirit   .     o - +0 cloak
SustAb .         Warding  .     (no gloves)
rMut   +         Stasis   .     (no boots)
Gourm  .                        x - amulet of resist mutation
MR     .....                    (no ring)
                                m - +1 ring of evasion

@: mighty, injury mirror, not resistant to hostile enchantments, extremely
unstealthy
A: no striking features
a: Animate Remains, Recall Undead Slaves, Injury Mirror, Renounce Religion


You were on level 4 of the Dungeon.
You worshipped Yredelemnul.
Yredelemnul was pleased with you.
You were not hungry.

You visited 1 branch of the dungeon, and saw 4 of its levels.

You collected 187 gold pieces.


   Skills:
 - Level 2.0 Fighting
 + Level 7.0 Polearms
 - Level 1.0 Armour
 - Level 1.0 Dodging
 - Level 3.0 Invocations


You had 6 spell levels left.
You didn't know any spells.

Inventory:

Hand weapons
 a - a +1 trident (weapon)
Missiles
 f - 17 poisoned needles
 h - 25 stones
 n - 6 javelins (quivered)
 r - 8 curare-tipped needles
Armour
 b - a +0 chain mail (worn)
 o - a +0 cloak (worn)
 p - a +0 leather armour of positive energy
Magical devices
 A - a wand of lightning (4) {unknown}
Comestibles
 c - 3 bread rations
 d - 3 fruits
 s - 2 meat rations
 B - 2 royal jellies
Scrolls
 g - 4 scrolls of remove curse
 k - a scroll of recharging {unknown}
 l - a scroll of identify
 y - a scroll of noise {!r}
Jewellery
 m - a +1 ring of evasion (left hand)
 x - an amulet of resist mutation (around neck)
Potions
 e - 2 potions of cure mutation {unknown}
 i - 2 potions of curing {unknown}
 q - a potion of lignification {unknown}
 t - a potion of restore abilities {unknown}
 u - a potion of confusion {unknown}
 v - a potion of heal wounds {unknown}
 w - 2 potions of magic {unknown}
 z - a potion of agility {unknown}

Dungeon Overview and Level Annotations

Branches:
Dungeon (4/15)
 Temple: D:4-7

Altars:
Cheibriados
Kikubaaqudgha

Annotations:
D:3 Grinder

#.# # #.# #
##.## #
######...###
#
#..........#
#
#.####..[#.#
# #.#
##.##.# #
#O# #.# # #
#@# #.# .
#.##....# .
#......## #
#.<....# #
#.......#
##.....##
...(.#
##.### ##


You could see an ogre.


Message History

The ogre hits you with a giant club.
* * * LOW HITPOINT WARNING * * *
The ogre hits your worm zombie with a giant club.
Your worm zombie bites the ogre.
The ogre hits your worm zombie with a giant club!!
You are too injured to fight recklessly!
Attack whom?
Aim: an ogre, wielding a giant club (lightly wounded)
You could not reach far enough!
Attack whom?
Aim: an ogre, wielding a giant club (lightly wounded)
You reach to attack!
You hit the ogre but do no damage.
The ogre is lightly wounded.
The ogre hits your worm zombie with a giant club!!
Your worm zombie is destroyed!
Use which ability? (? or * to list)
You offer yourself to Yredelemnul, and fill with unholy energy.
You are too injured to fight recklessly!
You see here an iguana corpse.
Drink which item? (? for menu, Esc to quit)
You feel very mighty all of a sudden. The ogre hits you with a giant club!
* * * LOW HITPOINT WARNING * * *
Yredelemnul mirrors your injury!
The ogre is heavily wounded.
You puncture the ogre!
The ogre is almost dead.
The ogre hits you with a giant club!!
You die...
Your body rises from the dead as a mindless zombie.

Action                   |  1- 3 |  4- 6 |  7- 9 || total
-------------------------+-------+-------+-------++-------
Melee: Spear             |   153 |     6 |       ||   159
       Trident           |       |   222 |     2 ||   224
Throw: Stone             |     3 |       |       ||     3
       Javelin           |       |     1 |       ||     1
Invok: Animate Remains   |     8 |    31 |       ||    39
       Animate Dead      |       |     2 |       ||     2
       Injury Mirror     |       |     1 |     1 ||     2
  Use: Scroll            |     4 |     6 |       ||    10
       Potion            |       |       |     1 ||     1
 Stab: Distracted        |       |     2 |       ||     2
  Eat: Chunk             |     2 |     4 |       ||     6
       Bread ration      |       |     2 |       ||     2

Vault maps used:
D:1:      lightli_iron_boxes, serial_forest, infiniplex_forest_straight_1,
          infiniplex_forest_lined_corner, infiniplex_forest_lined_3,
          infiniplex_forest_diagonal, infiniplex_forest_clump_curved,
          infiniplex_forest_clump_long
D:2:      nicolae_overflow_hidden_temple, old_standard_altar, first_bread,
          minmay_goblin_kobold_house
D:3:      lexackson_kobold_supper, uniq_sigmund, uniq_grinder
D:4:      okawaru_gym_becter, serial_shops, kennysheep_little_box,
          minmay_snake_closets

Notes
Turn   | Place    | Note
--------------------------------------------------------------
     0 | D:1      | RobertPalmer, the Human Death Knight, began the quest for the Orb.
     0 | D:1      | Reached XP level 1. HP: 16/16 MP: 2/2
   280 | D:1      | Reached XP level 2. HP: 5/22 MP: 3/3
   285 | D:1      | HP: 2/22 [jackal (2)]
   604 | D:1      | Reached skill level 3 in Polearms
   769 | D:1      | Reached XP level 3. HP: 27/27 MP: 1/5
  1210 | D:2      | Acquired Yredelemnul's second power
  1391 | D:2      | Found an ancient bone altar of Kikubaaqudgha.
  1434 | D:2      | Found a snail-covered altar of Cheibriados.
  1668 | D:2      | Reached skill level 4 in Polearms
  1668 | D:2      | Reached XP level 4. HP: 29/33 MP: 6/6
  2424 | D:3      | Noticed Grinder
  2613 | D:3      | Reached skill level 5 in Polearms
  2613 | D:3      | Reached XP level 5. HP: 10/38 MP: 2/8
  2950 | D:3      | Noticed Sigmund
  3015 | D:2      | Killed Sigmund
  3231 | D:3      | Reached XP level 6. HP: 44/44 MP: 9/9
  3363 | D:3      | Reached skill level 6 in Polearms
  3968 | D:4      | Acquired Yredelemnul's third power
  4063 | D:4      | Reached skill level 7 in Polearms
  4063 | D:4      | Reached XP level 7. HP: 21/50 MP: 11/11
  4087 | D:4      | Mangled by an ogre

Vanquished Creatures
  Sigmund (D:2)
  An orc priest (D:3)
  An iguana (D:4)
  A hound (D:4)
  2 orc wizards
  A worker ant (D:3)
  A hound skeleton (D:4)
  An adder (D:2)
  A worm zombie (D:2)
  A giant mite (D:3)
  2 worms (D:2)
  7 giant geckos
  7 orcs
  2 ball pythons
  5 giant cockroaches
  8 goblins
  8 hobgoblins
  4 jackals
  10 kobolds
  A quokka (D:3)
  3 bats
  3 giant newts
  A goblin zombie (D:2)
  6 rats
  A plant (D:3)
79 creatures vanquished.

Vanquished Creatures (collateral kills)
  An orc priest (D:3)
  A worm (D:4)
  A giant cockroach (D:3)
  A hobgoblin (D:3)
  3 jackals
  2 kobolds (D:3)
  A ball python (D:1)
  2 goblins
  A rat (D:1)
13 creatures vanquished.

Vanquished Creatures (others)
  A hound zombie (D:4)
  A worm zombie (D:4)
  3 giant cockroach zombies
  A giant gecko skeleton (D:3)
  A giant gecko zombie (D:3)
  A goblin zombie (D:2)
  3 hobgoblin zombies
  4 kobold zombies
  7 orc zombies
  A rat skeleton (D:3)
23 creatures vanquished.

Grand Total: 115 creatures vanquished
